 Dungeon Crawl Stone Soup version 0.25-a0-667-gb977e01 (webtiles) character file.

Game seed: 5979199173743414985, levelgen mode: deterministic

2098 robertstho the Covered (level 9, -4/50 HPs)
             Began as a Gargoyle Fighter on Mar 27, 2020.
             Slain by an unseen horror (6 damage)
             ... on level 7 of the Dungeon.
             The game lasted 00:09:45 (5674 turns).

robertstho the Covered (Gargoyle Fighter)           Turns: 5674, Time: 00:09:46

Health: -4/50      AC: 23    Str: 21    XL:     9   Next: 28%
Magic:  9/9        EV:  7    Int: 10    God:
Gold:   217        SH: 15    Dex: 10    Spells: 8/8 levels left

rFire    + . .     SeeInvis .   a - +0 flail
rCold    x . .     Gourm    .   c - +0 kite shield
rNeg     + . .     Faith    .   j - +0 chain mail
rPois    ∞         Spirit   .   B - +2 helmet
rElec    +         Reflect  +   (no cloak)
rCorr    .         Harm     .   s - +0 pair of gloves
MR       .....                  (no boots)
Stlth    ..........             u - +5 amulet of reflection
HPRegen  0.16/turn              w - ring of fire
MPRegen  0.11/turn              (no ring)

@: stab, hasted, very quick
A: iridescent scales 1, frail 1, negative energy resistance 1, sense
surroundings 1, electricity resistance, unbreathing, petrification resistance,
rot immunity, AC +6
a: no special abilities


You were on level 7 of the Dungeon.
You were hungry.

You visited 1 branch of the dungeon, and saw 7 of its levels.

You collected 217 gold pieces.

Inventory:

Hand Weapons
 a - a +0 flail (weapon)
Armour
 c - a +0 kite shield (worn)
 j - a +0 chain mail (worn)
 s - a +0 pair of gloves (worn)
 B - a +2 helmet (worn)
Jewellery
 d - a +5 ring of evasion
 o - a +4 ring of dexterity
 u - a +5 amulet of reflection (around neck)
 w - a ring of fire (left hand)
 y - an uncursed amulet of regeneration {unknown}
 E - an uncursed amulet of guardian spirit {unknown}
Wands
 k - a wand of clouds (3)
Scrolls
 b - a scroll of immolation {unknown}
 e - a scroll of fear {unknown}
 g - 2 scrolls of random uselessness {unknown}
 h - 4 scrolls of teleportation {unknown}
 i - 6 scrolls of identify {unknown}
 n - 2 scrolls of magic mapping {unknown}
 p - a scroll of blinking {unknown}
 r - a scroll of enchant armour {unknown}
 v - a scroll of enchant weapon {unknown}
Comestibles
 f - 11 rations
 F - 7 chunks of flesh


   Skills:
 * Level 6.4 Fighting
 + Level 6.5 Maces & Flails
 * Level 7.4 Armour
 + Level 1.6 Dodging
 + Level 1.2 Stealth
 + Level 7.2 Shields


You had 8 spell levels left.
You didn't know any spells.
Your spell library contained the following spells:

 Spells                   Type           Power        Failure   Level  Hunger
 Animate Skeleton         Necr           N/A          100%        1    ##.....
 Apportation              Tloc           #.....       100%        1    ##.....
 Corona                   Hex            #......      100%        1    ##.....
 Summon Small Mammal      Summ           #...         100%        1    ##.....


Dungeon Overview and Level Annotations

Branches:
Dungeon (7/15)             Temple (0/1) D:5

Altars:
Cheibriados
Dithmenos


Innate Abilities, Weirdness & Mutations

You are resistant to torment.
Your stone body is resilient. (AC +6)
You are immune to poison.
You resist negative energy. (rN+)
You are resistant to electric shocks. (rElec)
You can survive without breathing.
You are immune to petrification.
You are immune to rotting.
You are partially covered in iridescent scales. (AC +2)
You are frail. (-10% HP)
You passively map a small area around you.


Message History

Press: ? - help, Dir - move target cursor, f - hound, p - leopard gecko skeleton
Aim: a hound (lightly wounded)
You create a blast of freezing vapour!
The hound is engulfed in freezing vapours.
The hound barely misses you. Something hits you.
* * * LOW HITPOINT WARNING * * *
You block the leopard gecko skeleton's attack.
The hound is engulfed in freezing vapours.
You kill the hound!
You thump the leopard gecko skeleton!
You destroy the leopard gecko skeleton!
Something hits you.
* * * LOW HITPOINT WARNING * * *
Something hits you but does no damage. Something hits you but does no damage.
Something hits you but does no damage. Something hits you but does no damage.
Something hits you but does no damage. Something hits you.
You die...

, ...# #. , .#
* #...# ###.##
..# #....
.........# *
#... ....#...#
, , #...
...##..#
#..#####.....#
, *
#..<.[[...(..#
, , ,
##..(####..#.#
*
##.[[###@...#
,,#..(.##☼§#.#
* ##....#.☼§§#
, #....#.☼§§#
* *
##...#..§.# *
* #...#.§.## ,
##..#§§§# , *
..#§§☼# ,
*#.§§#§#


There were no monsters in sight!

Vanquished Creatures
  An orc warrior (D:6)
  2 ice beasts
  A sky beast (D:6)
  An ogre (D:5)
  A centaur (D:7)
  A bullfrog (D:6)
  2 scorpions
  The ghost of AGayBaby the Chopper, a weakling HOBe of Trog (D:3)
  3 howler monkeys (D:7)
  6 crimson imps
  2 hounds
  A bullfrog zombie (D:5)
  A centaur skeleton (D:4)
  2 orc priests (D:7)
  A gnoll shaman (D:4)
  An iguana (D:5)
  6 orc wizards
  8 worker ants
  A hound skeleton (D:4)
  2 worker ant zombies (D:5)
  7 adders
  20 gnolls
  A howler monkey skeleton (D:4)
  A shadow imp (D:5)
  2 oozes
  2 adder zombies (D:6)
  4 worms (D:2)
  2 dart slugs
  5 leopard geckos
  15 orcs
  11 bats
  4 giant cockroaches
  5 goblins
  7 hobgoblins
  5 jackals
  A quokka (D:6)
  3 frilled lizards
  A jackal skeleton (D:7)
  8 kobolds
  A leopard gecko skeleton (D:7)
  A leopard gecko zombie (D:5)
  2 quokka skeletons
  7 rats
159 creatures vanquished.

Vanquished Creatures (others)
  An orc (D:7)
1 creature vanquished.

Grand Total: 160 creatures vanquished

Notes
Turn   | Place    | Note
-------+----------+-------------------------------------------
     0 | D:1      | robertstho the Gargoyle Fighter began the quest for the
                  | Orb.
     0 | D:1      | Reached XP level 1. HP: 14/14 MP: 1/1
   113 | D:1      | Reached XP level 2. HP: 19/19 MP: 2/2
   962 | D:2      | Reached XP level 3. HP: 22/24 MP: 3/3
  1088 | D:1      | Reached XP level 4. HP: 6/29 MP: 4/4
  1493 | D:2      | Found a snail-covered altar of Cheibriados.
  1794 | D:2      | Reached XP level 5. HP: 31/33 MP: 5/5
  2225 | D:3      | Found a runed translucent door.
  2226 | D:3      | Noticed AGayBaby's ghost (weakling HOBe)
  2319 | D:3      | Killed AGayBaby's ghost
  2681 | D:3      | Found a faded altar of an unknown god.
  2916 | D:4      | Reached skill level 5 in Armour
  2916 | D:4      | Reached XP level 6. HP: 37/39 MP: 6/6
  3156 | D:4      | Reached XP level 7. HP: 12/44 MP: 7/7
  3660 | D:5      | Entered Level 5 of the Dungeon
  3698 | D:5      | Reached skill level 5 in Fighting
  3959 | D:5      | Found a staircase to the Ecumenical Temple.
  3986 | D:5      | HP: 1/44 [gnoll/+0 spear (4)]
  4252 | D:5      | Reached skill level 5 in Shields
  4427 | D:5      | Reached skill level 1 in Dodging
  4427 | D:5      | Reached XP level 8. HP: 33/50 MP: 8/8
  4452 | D:5      | Found a shadowy altar of Dithmenos.
  4604 | D:5      | Reached skill level 5 in Maces & Flails
  5552 | D:7      | Reached XP level 9. HP: 41/55 MP: 9/9
  5582 | D:7      | Reached skill level 1 in Stealth
  5649 | D:7      | Gained mutation: You are partially covered in iridescent
                  | scales. (AC +2) [potion of mutation]
  5649 | D:7      | Gained mutation: You are frail. (-10% HP) [potion of
                  | mutation]
  5649 | D:7      | Gained mutation: You passively map a small area around you.
                  | [potion of mutation]
  5652 | D:7      | HP: 2/50 [orc priest/divine providence (13)]
  5669 | D:7      | HP: 1/50 [something (3)]
  5674 | D:7      | Slain by an unseen horror

Levels and vault maps discovered:
D:1:      dpeg_arrival_ternary, layout_basic, minmay_misc_feat_doors
D:2:      minmay_skewed_foursquare, layout_loops_ring, kennysheep_slug_shrine
D:3:      wander_river, layout_rooms, ebering_ghost_reflecting_pool,
          serial_rivers, chequers_serial_rivers_micro_e,
          chequers_serial_rivers_micro_c, chequers_serial_rivers_small_3,
          chequers_serial_rivers_room_b, chequers_serial_rivers_micro_d,
          chequers_ecumenical_altar_lobes, kennysheep_small_spiral
D:4:      layout_gridville
D:5:      layout_cave_pools, minmay_temple_entry_junction, first_ration,
          nicolae_dithmenos_shadow_blocks
D:6:      layout_basic
D:7:      minmay_the_grid_triangle_9x9_recursive_2
          [minmay_the_grid_triangle_9x9_prize_center,
          minmay_the_grid_triangle_9x9_sparse_checkered,
          minmay_the_grid_triangle_9x9_limited_checkers,
          minmay_the_grid_triangle_9x9_alien], layout_rooms, nicolae_sextant

Skill      XL: |  1  2  3  4  5  6  7  8  9 |
---------------+----------------------------+-----
Fighting       | 4 5 6 |  6.4
Armour         | 4 5 6 7 |  7.4
Maces & Flails | 3 4 6 |  6.5
Shields        | 4 5 6 7 |  7.2
Dodging        | 1 |  1.6
Stealth        | 1 |  1.2

Action                   |  1- 3 |  4- 6 |  7- 9 || total
-------------------------+-------+-------+-------++-------
Melee: Flail             |   113 |   268 |   522 ||   903
Evoke: Wand              |       |       |     3 ||     3
  Use: Potion            |     1 |       |    14 ||    15
 Stab: Invisible         |       |       |     5 ||     5
  Eat: Chunk             |       |     8 |     9 ||    17
Armor: Scale mail        |    14 |       |       ||    14
       Chain mail        |    65 |   217 |   296 ||   578
       Skin              |       |       |    34 ||    34
Dodge: Dodged            |    34 |    80 |    89 ||   203
Block: Kite shield       |    81 |   157 |   390 ||   628
       Reflection        |       |       |     5 ||     5

Table legend:
 A = Non-vault XP
 B = Vault XP
 C = Vault XP percentage of total XP
 D = Non-vault monster count
 E = Vault monster count
 F = Vault count percentage of total count
                 A         B        C        D         E       F
            +---------+---------+-------+---------+---------+-------
      Total |    2839 |     159 |   5.3 |     144 |      15 |   9.4
            +---------+---------+-------+---------+---------+-------
        D:1 |      47 |       0 |   0.0 |      16 |       0 |   0.0
        D:2 |     118 |      45 |  27.6 |      27 |      10 |  27.0
        D:3 |      39 |      66 |  62.9 |      14 |       1 |   6.7
        D:4 |     309 |       0 |   0.0 |      15 |       0 |   0.0
        D:5 |     833 |       0 |   0.0 |      32 |       0 |   0.0
        D:6 |     878 |       0 |   0.0 |      26 |       0 |   0.0
        D:7 |     615 |      48 |   7.2 |      14 |       4 |  22.2
            +---------+---------+-------+---------+---------+-------
